| TOP OF THE 1ST |
|
Arkansas Travelers batting - Pitching for Montgomery Biscuits : RHP Steve Barrett
|
|
Pitching: RHP Steve Barrett
|
|
|
Batting: RHB Bjoern Waltersson
|
0-0: Foul Ball, location: 2F 0-1: Foul Ball, location: 2F 0-2: Strikes out swinging, 2-3 out at first.
|
|
Batting: RHB Jasper Burd
|
0-0: Bunt missed! 0-1: Foul Ball, location: 2F 0-2: Ball 1-2: Strikes out looking
|
|
Batting: LHB Matt Calitri
|
0-0: Ball 1-0: Called Strike 1-1: Ball 2-1: Ball 3-1: Base on Balls
|
|
Batting: RHB Melvin Gomez
|
0-0: Called Strike 0-1: Ball 1-1: Ground out 4-3 (Groundball, 4, EV 103.1 MPH)
|
| Top of the 1st over - 0 runs, 0 hits, 0 errors, 1 left on base; Arkansas 0 - Montgomery 0 |
| BOTTOM OF THE 1ST |
|
Montgomery Biscuits batting - Pitching for Arkansas Travelers : RHP Gus Morante
|
|
Pitching: RHP Gus Morante
|
|
|
Batting: LHB Davion Lewis
|
0-0: Called Strike 0-1: Ball 1-1: Foul Ball, location: 2F 1-2: Ball 2-2: Ground out 4-3 (Groundball, 4, EV 91.2 MPH)
|
|
Batting: RHB Steve French
|
0-0: Foul Ball, location: 2F 0-1: Ball 1-1: SOLO HOME RUN (Flyball, 7D, EV 98.8 MPH), Distance : 376 ft
|
|
Batting: LHB David Seminario
|
0-0: Swinging Strike 0-1: Ball 1-1: Foul Ball, location: 2F 1-2: Strikes out looking
|
|
Batting: SHB Willie Koviak
|
0-0: Ball 1-0: Ball 2-0: Called Strike 2-1: Ball 3-1: Ground out 5-3 (Groundball, 56S, EV 66.2 MPH)
|
| Bottom of the 1st over - 1 run, 1 hit, 0 errors, 0 left on base; Arkansas 0 - Montgomery 1 |
| TOP OF THE 2ND |
|
Arkansas Travelers batting - Pitching for Montgomery Biscuits : RHP Steve Barrett
|
|
Batting: LHB Barrfhionn O'Toole
|
0-0: Fly out, F7 (Flyball, 7, EV 86.9 MPH)
|
|
Batting: RHB Oren Jones
|
0-0: Ball 1-0: Swinging Strike 1-1: Called Strike 1-2: Foul Ball, location: 2F 1-2: Strikes out swinging
|
|
Batting: LHB Tyler Meier
|
0-0: Ball 1-0: Ground out U3 (Groundball, 3, EV 102.5 MPH)
|
| Top of the 2nd over - 0 runs, 0 hits, 0 errors, 0 left on base; Arkansas 0 - Montgomery 1 |
| BOTTOM OF THE 2ND |
|
Montgomery Biscuits batting - Pitching for Arkansas Travelers : RHP Gus Morante
|
|
Batting: LHB Barnabé Metrass
|
0-0: Ball 1-0: Ball 2-0: SOLO HOME RUN (Flyball, 89XD, EV 98.8 MPH), Distance : 415 ft
|
|
Batting: RHB Sczlopy Hed
|
0-0: Called Strike 0-1: Swinging Strike 0-2: Ground out 6-3 (Groundball, 6, EV 85.6 MPH)
|
|
Batting: RHB Devin Brown
|
0-0: Called Strike 0-1: Ball 1-1: Ball 2-1: Ground out 4-3 (Groundball, 4, EV 86.2 MPH)
|
|
Batting: LHB Jeremy Burton
|
0-0: Called Strike 0-1: Foul Ball, location: 2F 0-2: Ball 1-2: Ground out U3 (Groundball, 3S, EV 81.9 MPH)
|
| Bottom of the 2nd over - 1 run, 1 hit, 0 errors, 0 left on base; Arkansas 0 - Montgomery 2 |
| TOP OF THE 3RD |
|
Arkansas Travelers batting - Pitching for Montgomery Biscuits : RHP Steve Barrett
|
|
Batting: RHB David Young
|
0-0: Ground out 1-3 (Groundball, 13S, EV 61.9 MPH)
|
|
Batting: RHB Roberto Martinez
|
0-0: Called Strike 0-1: Ball 1-1: Swinging Strike 1-2: Ball 2-2: Ball 3-2: Ground out 6-3 (Groundball, 6, EV 92.5 MPH)
|
|
Batting: RHB Bjoern Waltersson
|
0-0: Ball 1-0: Ball 2-0: Ball 3-0: Called Strike 3-1: Called Strike 3-2: Strikes out swinging
|
| Top of the 3rd over - 0 runs, 0 hits, 0 errors, 0 left on base; Arkansas 0 - Montgomery 2 |
| BOTTOM OF THE 3RD |
|
Montgomery Biscuits batting - Pitching for Arkansas Travelers : RHP Gus Morante
|
|
Batting: RHB Alfredo Moreno
|
0-0: Ground out 6-3 (Groundball, 6, EV 86.9 MPH)
|
|
Batting: LHB Davion Lewis
|
0-0: Called Strike 0-1: Ball 1-1: Called Strike 1-2: Fly out, F8 (Flyball, 78M, EV 81.2 MPH)
|
|
Batting: RHB Steve French
|
0-0: Called Strike 0-1: Ball 1-1: Ball 2-1: Foul Ball, location: 2F 2-2: Foul Ball, location: 2F 2-2: Fly out, F7 (Line Drive, 7, EV 89.4 MPH)
|
| Bottom of the 3rd over - 0 runs, 0 hits, 0 errors, 0 left on base; Arkansas 0 - Montgomery 2 |
| TOP OF THE 4TH |
|
Arkansas Travelers batting - Pitching for Montgomery Biscuits : RHP Steve Barrett
|
|
Batting: RHB Jasper Burd
|
0-0: Called Strike 0-1: Ball 1-1: Ball 2-1: Ball 3-1: Foul Ball, location: 2F 3-2: Hit by Pitch
|
|
Batting: LHB Matt Calitri
|
0-0: Called Strike 0-1: Ball 1-1: Ball 2-1: Ball 3-1: Grounds into double play, 5-4-3 (Groundball, 56, EV 86.2 MPH)
|
|
Batting: RHB Melvin Gomez
|
0-0: Foul Ball, location: 2F 0-1: Called Strike 0-2: Ball 1-2: Foul Ball, location: 2F 1-2: Ground out 5-3 (Groundball, 56, EV 88.8 MPH)
|
| Top of the 4th over - 0 runs, 0 hits, 0 errors, 0 left on base; Arkansas 0 - Montgomery 2 |
| BOTTOM OF THE 4TH |
|
Montgomery Biscuits batting - Pitching for Arkansas Travelers : RHP Gus Morante
|
|
Batting: LHB David Seminario
|
0-0: Ball 1-0: Foul Ball, location: 2F 1-1: Called Strike 1-2: Ball 2-2: Foul Ball, location: 2F 2-2: Strikes out swinging
|
|
Batting: SHB Willie Koviak
|
0-0: Called Strike 0-1: SINGLE (Line Drive, 7S, EV 99.4 MPH)
|
|
Batting: LHB Barnabé Metrass
|
0-0: Called Strike 0-1: Ball 1-1: Fielders Choice at 2nd, 3-6 (Groundball, 3, EV 86.2 MPH)
|
|
Batting: RHB Sczlopy Hed
|
0-0: Ground out U3 (Groundball, 34S, EV 81.2 MPH)
|
| Bottom of the 4th over - 0 runs, 1 hit, 0 errors, 1 left on base; Arkansas 0 - Montgomery 2 |
| TOP OF THE 5TH |
|
Arkansas Travelers batting - Pitching for Montgomery Biscuits : RHP Steve Barrett
|
|
Batting: LHB Barrfhionn O'Toole
|
0-0: Called Strike 0-1: Called Strike 0-2: Ground out U3 (Groundball, 3L, EV 80.6 MPH)
|
|
Batting: RHB Oren Jones
|
0-0: SINGLE (Groundball, 6MD, EV 103.8 MPH)
|
|
Batting: LHB Tyler Meier
|
0-0: Ball 1-0: Ball 2-0: Ball 3-0: Called Strike 3-1: Swinging Strike 3-2: Base on Balls Oren Jones to second
|
|
Batting: RHB David Young
|
0-0: Fly out, F4 (Popup, 34, EV 60.0 MPH)
|
|
Batting: RHB Roberto Martinez
|
0-0: Fielders Choice at 2nd, 6-4 (Groundball, 6, EV 85.0 MPH)
|
| Top of the 5th over - 0 runs, 1 hit, 0 errors, 2 left on base; Arkansas 0 - Montgomery 2 |
| BOTTOM OF THE 5TH |
|
Montgomery Biscuits batting - Pitching for Arkansas Travelers : RHP Gus Morante
|
|
Batting: RHB Devin Brown
|
0-0: Ball 1-0: Hit by Pitch
|
|
Batting: LHB Jeremy Burton
|
0-0: Ball 1-0: Called Strike 1-1: Foul Ball, location: 2F 1-2: Strikes out swinging
|
|
Batting: RHB Alfredo Moreno
|
0-0: Ball 1-0: Ball 2-0: Called Strike 2-1: Ball 3-1: Foul Ball, location: 2F 3-2: Foul Ball, location: 2F 3-2: Foul Ball, location: 2F 3-2: Foul Ball, location: 2F 3-2: Strikes out swinging
|
|
Batting: LHB Davion Lewis
|
0-0: Ball 1-0: Foul Ball, location: 2F 1-1: Ball 2-1: Foul Ball, location: 2F 2-2: DOUBLE (Line Drive, 78M, EV 95.0 MPH) Devin Brown to third
|
|
Batting: RHB Steve French
|
0-0: Ball 1-0: Ball Wild Pitch! Devin Brown scores Davion Lewis to third 2-0: Ball 3-0: Called Strike 3-1: Called Strike 3-2: Foul Ball, location: 2F 3-2: Base on Balls
|
|
Batting: LHB David Seminario
|
0-0: Ground out 4-3 (Groundball, 4, EV 88.1 MPH)
|
| Bottom of the 5th over - 1 run, 1 hit, 0 errors, 2 left on base; Arkansas 0 - Montgomery 3 |
| TOP OF THE 6TH |
|
Arkansas Travelers batting - Pitching for Montgomery Biscuits : RHP Steve Barrett
|
|
Batting: RHB Bjoern Waltersson
|
0-0: Foul Ball, location: 2F 0-1: Ball 1-1: Foul Ball, location: 2F 1-2: Foul Ball, location: 2F 1-2: Ground out 4-3 (Groundball, 4, EV 90.6 MPH)
|
|
Batting: RHB Jasper Burd
|
0-0: SINGLE (Groundball, 34, EV 95.0 MPH)
|
|
Batting: LHB Matt Calitri
|
0-0: SINGLE (Groundball, 5D, EV 103.1 MPH) Jasper Burd to second
|
|
Batting: RHB Melvin Gomez
|
0-0: Called Strike 0-1: Ball 1-1: Ball 2-1: Called Strike 2-2: Ball 3-2: Foul Ball, location: 2F 3-2: Foul Ball, location: 2F 3-2: Foul Ball, location: 2F 3-2: Foul Ball, location: 2F 3-2: Foul Ball, location: 2F 3-2: Grounds into double play, 5-4-3 (Groundball, 5, EV 81.2 MPH)
|
| Top of the 6th over - 0 runs, 2 hits, 0 errors, 1 left on base; Arkansas 0 - Montgomery 3 |
| BOTTOM OF THE 6TH |
|
Montgomery Biscuits batting - Pitching for Arkansas Travelers : RHP Gus Morante
|
|
Pitching: RHP Mike Guidroz
|
|
|
Batting: SHB Willie Koviak
|
0-0: Swinging Strike 0-1: Called Strike 0-2: Ball 1-2: Ball 2-2: Strikes out swinging
|
|
Batting: LHB Barnabé Metrass
|
0-0: Swinging Strike 0-1: Fly out, F5 (Flyball, 6D, EV 81.2 MPH)
|
|
Batting: RHB Sczlopy Hed
|
0-0: Ball 1-0: Ball 2-0: Called Strike 2-1: Ball 3-1: Base on Balls
|
|
Batting: RHB Devin Brown
|
0-0: Called Strike 0-1: Foul Ball, location: 2F 0-2: Foul Ball, location: 2F 0-2: Ball 1-2: Ground out 1-3 (Groundball, 13S, EV 62.5 MPH)
|
| Bottom of the 6th over - 0 runs, 0 hits, 0 errors, 1 left on base; Arkansas 0 - Montgomery 3 |
| TOP OF THE 7TH |
|
Arkansas Travelers batting - Pitching for Montgomery Biscuits : RHP Steve Barrett
|
|
Batting: LHB Barrfhionn O'Toole
|
0-0: Foul Ball, location: 2F 0-1: Foul Ball, location: 2F 0-2: Ball 1-2: DOUBLE (Groundball, 3L, EV 106.9 MPH)
|
|
Batting: RHB Oren Jones
|
0-0: Ball 1-0: Ball Barrfhionn O'Toole steals 3rd base 2-0: Ball 3-0: Base on Balls
|
|
Batting: LHB Tyler Meier
|
0-0: Fly out, F8 (Flyball, 8RXD, EV 101.2 MPH) Runner from 3rd tags up, SCORES, no throw by CF
|
|
Pinch Hitting: LHB Sean Corderman
|
0-0: Called Strike 0-1: Swinging Strike 0-2: Ball 1-2: Strikes out looking
|
|
Batting: RHB Roberto Martinez
|
0-0: Foul Ball, location: 2F 0-1: Ball 1-1: Called Strike 1-2: Ball 2-2: Ball 3-2: Ground out 6-3 (Groundball, 6, EV 80.0 MPH)
|
| Top of the 7th over - 1 run, 1 hit, 0 errors, 1 left on base; Arkansas 1 - Montgomery 3 |
| BOTTOM OF THE 7TH |
|
Montgomery Biscuits batting - Pitching for Arkansas Travelers : RHP Mike Guidroz
|
|
Now at SS: Jose Pineda
|
|
|
Batting: LHB Jeremy Burton
|
0-0: Fly out, F7 (Flyball, 78M, EV 83.8 MPH)
|
|
Batting: RHB Alfredo Moreno
|
0-0: Foul Ball, location: 2F 0-1: Ball 1-1: Ball 2-1: Swinging Strike 2-2: Foul Ball, location: 2F 2-2: Strikes out swinging
|
|
Batting: LHB Davion Lewis
|
0-0: Ball 1-0: TRIPLE (Flyball, 89XD, EV 86.2 MPH)
|
|
Batting: RHB Steve French
|
0-0: Foul Ball, location: 2F 0-1: Called Strike 0-2: SINGLE (Groundball, 6MD, EV 97.5 MPH) Davion Lewis scores
|
|
Batting: LHB David Seminario
|
0-0: Called Strike 0-1: DOUBLE (Line Drive, 3D, EV 99.4 MPH) Steve French to third Runner from 3rd tries for Home, SAFE, throw by RF to trailing runner, SAFE at third!
|
|
Batting: SHB Willie Koviak
|
0-0: Ball 1-0: Ball 2-0: Called Strike 2-1: Fly out, F8 (Flyball, 78D, EV 100.6 MPH)
|
| Bottom of the 7th over - 2 runs, 3 hits, 0 errors, 1 left on base; Arkansas 1 - Montgomery 5 |
| TOP OF THE 8TH |
|
Arkansas Travelers batting - Pitching for Montgomery Biscuits : RHP Steve Barrett
|
|
Batting: RHB Bjoern Waltersson
|
0-0: Ball 1-0: Ball 2-0: Called Strike 2-1: Ground out 5-3 (Groundball, 5, EV 90.0 MPH)
|
|
Batting: RHB Jasper Burd
|
0-0: Ball 1-0: Ball 2-0: Foul Ball, location: 2F 2-1: Ball 3-1: Base on Balls
|
|
Pitching: RHP Josh Heath
|
|
|
Batting: LHB Matt Calitri
|
0-0: Ball 1-0: Foul Ball, location: 2F 1-1: 2-RUN HOME RUN (Flyball, 9D, EV 96.2 MPH), Distance : 377 ft
|
|
Batting: RHB Melvin Gomez
|
0-0: Ball 1-0: Swinging Strike 1-1: Foul Ball, location: 2F 1-2: Ball 2-2: Ball 3-2: Ground out 6-3 (Groundball, 6, EV 77.5 MPH)
|
|
Batting: LHB Barrfhionn O'Toole
|
0-0: Called Strike 0-1: Ball 1-1: Called Strike 1-2: Foul Ball, location: 2F 1-2: Strikes out swinging
|
| Top of the 8th over - 2 runs, 1 hit, 0 errors, 0 left on base; Arkansas 3 - Montgomery 5 |
| BOTTOM OF THE 8TH |
|
Montgomery Biscuits batting - Pitching for Arkansas Travelers : RHP Mike Guidroz
|
|
Pitching: RHP Andino Calzaghe
|
|
|
Batting: LHB Barnabé Metrass
|
0-0: Called Strike 0-1: Ball 1-1: Ball 2-1: Ball 3-1: Base on Balls
|
|
Batting: RHB Sczlopy Hed
|
0-0: Ball 1-0: Bunted foul 1-1: Bunt missed! 1-2: SINGLE (Groundball, 34D, EV 102.5 MPH) Barnabé Metrass to second Runner from 2nd tries for 3rd, SAFE, no throw by RF
|
|
Batting: RHB Devin Brown
|
0-0: Ground out 5-3 (Groundball, 56S, EV 66.9 MPH) Barnabé Metrass scores Sczlopy Hed to second
|
|
Batting: LHB Jeremy Burton
|
0-0: Intentional Walk
|
|
Batting: RHB Alfredo Moreno
|
0-0: Ball 1-0: Swinging Strike 1-1: Foul Ball, location: 2F 1-2: Strikes out swinging
|
|
Batting: LHB Davion Lewis
|
0-0: DOUBLE (Line Drive, 89D, EV 106.2 MPH) Sczlopy Hed scores Jeremy Burton to third Runner from 3rd tries for Home, throw by CF and OUT! 8-4-2
|
| Bottom of the 8th over - 2 runs, 2 hits, 0 errors, 1 left on base; Arkansas 3 - Montgomery 7 |
| TOP OF THE 9TH |
|
Arkansas Travelers batting - Pitching for Montgomery Biscuits : RHP Josh Heath
|
|
Pitching: LHP Sam Wesman
|
|
|
Batting: RHB Oren Jones
|
0-0: Ball 1-0: Ball 2-0: Ball 3-0: Called Strike 3-1: Fly out, F9 (Flyball, 9, EV 86.9 MPH)
|
|
Batting: LHB Tyler Meier
|
0-0: Swinging Strike 0-1: Ground out 5-3 (Groundball, 5, EV 84.4 MPH)
|
|
Batting: RHB Jose Pineda
|
0-0: Ball 1-0: Foul Ball, location: 2F 1-1: Called Strike 1-2: Ball 2-2: Ground out 5-3 (Groundball, 56, EV 93.8 MPH)
|
| Top of the 9th over - 0 runs, 0 hits, 0 errors, 0 left on base; Arkansas 3 - Montgomery 7 |
|